[Event "17th Memorial Lezcano Montalvo 2025"]
[Site "Gran Canaria"]
[Date "2025.04.19"]
[Round "8.31"]
[White "Perez Rosales, Pedro"]
[Black "Cruz Pino, Adrian"]
[Result "0-1"]
[Annotator "RC"]
[ECO "A06"]
[WhiteElo "1942"]
[BlackElo "2099"]
[PlyCount "108"]
[EventDate "2025.04.13"]
[EventType "swiss"]
[EventCountry "ESP"]
[SourceTitle "playchess.com"]
[Source "ChessBase"]
[SourceQuality "1"]
[TimeControl "5400+30"]

1. Nf3 d5 2. b3 c5 3. e3 Nc6 4. Bb2 f6 5. d4 cxd4 6. exd4 e6 7. Bd3 Bd6 8. O-O Nge7 9. a3 O-O 10. c4 Bd7 11. Re1 Rc8 12. Nc3 Bb8 13. Rc1 Bf4 14. Rc2 Na5 15. cxd5 exd5 16. h3 Nac6 17. b4 a6 18. Rce2 Be8 19. Qb3 b5 20. Qc2 g6 21. Qd1 Bf7 22. Bc2 Re8 23. Bb3 Qd7 24. Qb1 Rb8 25. Qa2 a5 26. Nxd5 Nxd5 27. Rxe8+ Rxe8 28. Rxe8+ Kg7 29. Re1 a4 30. Bc2 Ndxb4 31. Qb1 Nxc2 32. Qxc2 Bd5 33. Nd2 Bb8 34. Nf1 Ba7 35. Rd1 Bb3 36. Qd2 Bxd1 37. Qxd1 Bxd4 38. Qe2 Bxb2 39. Qxb2 Ne5 40. Ne3 Nc4 41. Nxc4 bxc4 42. Qb4 Qc6 43. h4 c3 44. Qe7+ Kg8 45. Qd8+ Kf7 46. Qh8 c2 47. Qxh7+ Kf8 48. Qh8+ Ke7 49. Qg7+ Kd8 50. Qf8+ Kc7 51. Qe7+ Kb8 52. Qd8+ Ka7 53. Qa5+ Kb7 54. Qb4+ Ka6 0-1

[Event "17th Memorial Lezcano Montalvo 2025"]
[Site "Gran Canaria"]
[Date "2025.04.19"]
[Round "8.31"]
[White "Basualdo De Ornelas, Jorge"]
[Black "Rodriguez Melian, Jose Luis"]
[Result "*"]
[Annotator "NA"]
[ECO "A06"]
[WhiteElo "1794"]
[BlackElo "2029"]
[PlyCount "28"]
[EventDate "2025.04.13"]
[EventType "swiss"]
[EventCountry "ESP"]
[SourceTitle "playchess.com"]
[Source "ChessBase"]
[SourceQuality "1"]
[TimeControl "5400+30"]

1. Nf3 d5 2. b3 c5 3. e3 Nc6 4. Bb2 f6 5. d4 cxd4 6. exd4 e6 7. Bd3 Bd6 8. O-O Nge7 9. a3 O-O 10. c4 Bd7 11. Re1 Rc8 12. Nc3 Bb8 13. Rc1 Bf4 14. Rc2 Na5 *

[Event "17th Memorial Lezcano Montalvo 2025"]
[Site "Gran Canaria"]
[Date "2025.04.19"]
[Round "8.32"]
[White "Blanco Garcia Bajo, David"]
[Black "Basualdo De Ornelas, Jorge"]
[Result "0-1"]
[Annotator "RC"]
[ECO "D05"]
[WhiteElo "2098"]
[BlackElo "1794"]
[PlyCount "56"]
[EventDate "2025.04.13"]
[EventType "swiss"]
[EventCountry "ESP"]
[SourceTitle "playchess.com"]
[Source "ChessBase"]
[SourceQuality "1"]
[TimeControl "5400+30"]

1. e4 e6 2. d4 d5 3. Nd2 h6 4. Bd3 c5 5. dxc5 Bxc5 6. Ngf3 Nf6 7. Qe2 O-O 8. O-O Nc6 9. c3 Qc7 10. h3 Re8 11. e5 Nd7 12. Nb3 Bf8 13. Re1 f6 14. Bg6 Re7 15. Bf4 fxe5 16. Bg3 a5 17. Nbd4 Qb6 18. Nxc6 bxc6 19. Bh4 Ba6 20. Qc2 e4 21. Bxe7 Bxe7 22. Nd2 Rf8 23. Nxe4 dxe4 24. Bxe4 Rxf2 25. Qb3 Rf1+ 26. Kh2 Bd6+ 27. g3 Qf2+ 28. Bg2 Bxg3# 0-1

[Event "17th Memorial Lezcano Montalvo 2025"]
[Site "Gran Canaria"]
[Date "2025.04.19"]
[Round "8.33"]
[White "Cruz Ramirez, Nauzet"]
[Black "Matos Espino, Carlos Silverio"]
[Result "1/2-1/2"]
[Annotator "RC"]
[ECO "A82"]
[WhiteElo "2076"]
[BlackElo "1731"]
[PlyCount "95"]
[EventDate "2025.04.13"]
[EventType "swiss"]
[EventCountry "ESP"]
[SourceTitle "playchess.com"]
[Source "ChessBase"]
[SourceQuality "1"]
[TimeControl "5400+30"]

1. d4 f5 2. e4 fxe4 3. Nc3 g6 4. Nxe4 d5 5. Nc3 Bg7 6. Nf3 Nf6 7. Bd3 Nc6 8. h3 O-O 9. a3 Nh5 10. Bb5 Nf4 11. Bxf4 Rxf4 12. Qd2 Bh6 13. Ne2 Rh4 14. Qc3 Re4 15. O-O a6 16. Bd3 Re6 17. Nh2 Rf6 18. b4 Qd6 19. Rad1 Bd7 20. Qb3 b5 21. Be4 Be6 22. Bf3 Nd8 23. Nc1 Bxc1 24. Rxc1 h5 25. Rfe1 c6 26. Qe3 a5 27. c3 Qf4 28. Qxf4 Rxf4 29. Re3 axb4 30. axb4 Kf7 31. Rce1 Ra7 32. g3 Rf6 33. Bg2 Bf5 34. Nf3 Rc7 35. Bf1 Ke8 36. Ne5 Nf7 37. g4 hxg4 38. hxg4 Bc8 39. Bd3 Nxe5 40. dxe5 Rf4 41. Bxg6+ Kf8 42. Rg3 Rxg4 43. Kg2 Kg7 44. Bd3 Ra7 45. Ree3 Rxg3+ 46. Rxg3+ Kf7 47. Be2 Bf5 48. Re3 1/2-1/2

[Event "17th Memorial Lezcano Montalvo 2025"]
[Site "Gran Canaria"]
[Date "2025.04.19"]
[Round "8.34"]
[White "Pace, Gabriele"]
[Black "Marrero Rodriguez, Jorge"]
[Result "*"]
[Annotator "ChessBase"]
[ECO "D02"]
[WhiteElo "1895"]
[BlackElo "2251"]
[PlyCount "20"]
[EventDate "2025.04.13"]
[EventType "swiss"]
[EventCountry "ESP"]
[SourceTitle "playchess.com"]
[Source "ChessBase"]
[SourceQuality "1"]
[TimeControl "5400+30"]

1. d4 d5 2. Nf3 c5 3. g3 Nf6 4. Bg2 cxd4 5. Nxd4 e5 6. Nb3 h6 7. O-O Nc6 8. Nc3 Be6 9. Re1 Rc8 10. a3 Be7 *

[Event "17th Memorial Lezcano Montalvo 2025"]
[Site "Gran Canaria"]
[Date "2025.04.19"]
[Round "8.34"]
[White "Quintero Hernandez, Marcos Jesus"]
[Black "Estremera Panos, Sergio"]
[Result "0-1"]
[Annotator "RC"]
[ECO "D02"]
[WhiteElo "1874"]
[BlackElo "2195"]
[PlyCount "82"]
[EventDate "2025.04.13"]
[EventType "swiss"]
[EventCountry "ESP"]
[SourceTitle "playchess.com"]
[Source "ChessBase"]
[SourceQuality "1"]
[TimeControl "5400+30"]

1. d4 d5 2. Nf3 c5 3. g3 Nf6 4. Bg2 cxd4 5. Nxd4 e5 6. Nb3 h6 7. O-O Nc6 8. Nc3 Be6 9. Re1 Rc8 10. a3 Be7 11. Bd2 O-O 12. e4 d4 13. Ne2 Qb6 14. Nbc1 Qxb2 15. Nd3 Qb6 16. f4 Nd7 17. fxe5 Ndxe5 18. Nef4 Bg4 19. Qb1 Nc4 20. Qc1 Qd8 21. Nd5 Nxd2 22. Qxd2 Bg5 23. N3f4 Re8 24. h4 Bf6 25. Rab1 b6 26. Rf1 Be5 27. Qf2 Qd6 28. Rb3 Rf8 29. Bf3 Be6 30. Bg2 Na5 31. Rd3 Nc4 32. h5 Nxa3 33. Rd2 Bxd5 34. Nxd5 Bxg3 35. Qf3 Rxc2 36. Rd3 Bh2+ 37. Kh1 Nc4 38. Qg4 Ne5 39. Qd1 Nxd3 40. Qxd3 Rc5 41. Qxd4 Be5 0-1

[Event "17th Memorial Lezcano Montalvo 2025"]
[Site "Gran Canaria"]
[Date "2025.04.19"]
[Round "8.35"]
[White "Peraza Concepcion, Airam"]
[Black "Halldorsson, Halldor"]
[Result "0-1"]
[Annotator "RC"]
[ECO "B13"]
[WhiteElo "1712"]
[BlackElo "2103"]
[PlyCount "86"]
[EventDate "2025.04.13"]
[EventType "swiss"]
[EventCountry "ESP"]
[SourceTitle "playchess.com"]
[Source "ChessBase"]
[SourceQuality "1"]
[TimeControl "5400+30"]

1. e4 g6 2. d4 Bg7 3. Nf3 c6 4. Bd3 d5 5. exd5 cxd5 6. c3 Nf6 7. O-O O-O 8. Bf4 Nc6 9. h3 Ne4 10. Bxe4 dxe4 11. Nfd2 f5 12. Na3 e5 13. dxe5 Qh4 14. Bh2 f4 15. Nxe4 f3 16. gxf3 Bxh3 17. Re1 Rad8 18. Qe2 Nxe5 19. Nf6+ Rxf6 20. Bxe5 Qg5+ 21. Bg3 Rdf8 22. Qe3 Qh5 23. Qe4 Rxf3 24. Qh4 Qf5 25. Qe4 Qg5 26. Qh4 Qf5 27. Qe4 Rxf2 28. Bxf2 Qxf2+ 29. Kh1 Qxb2 30. Nc4 Qxc3 31. Rac1 Qb4 32. Red1 Bf5 33. Qd5+ Kh8 34. Qg2 Qe7 35. Re1 Qh4+ 36. Qh2 Qd4 37. Qe2 Bd3 38. Qe6 Qh4+ 39. Kg1 Rf5 40. Qe8+ Bf8 41. Re5 Qg3+ 42. Kh1 Be4+ 43. Rxe4 Rh5+ 0-1

[Event "17th Memorial Lezcano Montalvo 2025"]
[Site "Gran Canaria"]
[Date "2025.04.19"]
[Round "8.36"]
[White "Sanchez Montesdeoca, Isaac"]
[Black "Paquico Rodriguez, Ivan"]
[Result "*"]
[Annotator "ChessBase"]
[ECO "B73"]
[WhiteElo "1807"]
[BlackElo "2202"]
[PlyCount "31"]
[EventDate "2025.04.13"]
[EventType "swiss"]
[EventCountry "ESP"]
[SourceTitle "playchess.com"]
[Source "ChessBase"]
[SourceQuality "1"]
[TimeControl "5400+30"]

1. e4 c5 2. Nc3 Nc6 3. Nf3 d6 4. d4 cxd4 5. Nxd4 Nf6 6. Be2 g6 7. O-O Bg7 8. Be3 O-O 9. f4 Bd7 10. Bf3 a6 11. Nd5 Nxd5 12. exd5 Na5 13. b3 Rc8 14. c4 b5 15. cxb5 axb5 16. Rc1 *

[Event "17th Memorial Lezcano Montalvo 2025"]
[Site "Gran Canaria"]
[Date "2025.04.19"]
[Round "8.36"]
[White "Sanchez Ramirez, Gustavo"]
[Black "Camino Carrio, Nicanor"]
[Result "1-0"]
[Annotator "RC"]
[ECO "B73"]
[WhiteElo "1780"]
[BlackElo "2045"]
[PlyCount "95"]
[EventDate "2025.04.13"]
[EventType "swiss"]
[EventCountry "ESP"]
[SourceTitle "playchess.com"]
[Source "ChessBase"]
[SourceQuality "1"]
[TimeControl "5400+30"]

1. e4 c5 2. Nc3 Nc6 3. Nf3 d6 4. d4 cxd4 5. Nxd4 Nf6 6. Be2 g6 7. O-O Bg7 8. Be3 O-O 9. f4 Bd7 10. Bf3 a6 11. Nd5 Nxd5 12. exd5 Na5 13. b3 Rc8 14. c4 b5 15. cxb5 axb5 16. Rc1 e5 17. dxe6 fxe6 18. Qd2 d5 19. Qb4 Nc6 20. Nxc6 Bxc6 21. Bg4 Re8 22. Bd4 Qe7 23. Rc5 Bd7 24. Rfc1 Rxc5 25. Rc2 Rc4 26. Rxc4 Bf8 27. Rc5 Qf6 28. Qd2 Qh4 29. h3 Bxc5 30. Bxc5 h5 31. Bf3 Qf6 32. Bd4 Qf5 33. Be5 Rc8 34. Bb2 Qb1+ 35. Bd1 Qe4 36. Bf3 Rc2 37. Qa5 Qe3+ 38. Kh1 Rxb2 39. Qd8+ Kh7 40. Qxd7+ Kh6 41. Qd6 Rb1+ 42. Kh2 Qg1+ 43. Kg3 Qd4 44. Qd8 Qg7 45. Qg5+ Kh7 46. Be2 b4 47. Bd3 Rd1 48. Qxh5+ 1-0

[Event "17th Memorial Lezcano Montalvo 2025"]
[Site "Gran Canaria"]
[Date "2025.04.19"]
[Round "8.37"]
[White "Schmitz, Andreas Arnold"]
[Black "Juan Miguel, Javier"]
[Result "1/2-1/2"]
[Annotator "RC"]
[ECO "B02"]
[WhiteElo "1967"]
[BlackElo "1803"]
[PlyCount "48"]
[EventDate "2025.04.13"]
[EventType "swiss"]
[EventCountry "ESP"]
[SourceTitle "playchess.com"]
[Source "ChessBase"]
[SourceQuality "1"]
[TimeControl "5400+30"]

1. e4 d5 2. exd5 Nf6 3. Nc3 Nxd5 4. Bc4 Nb6 5. Bb3 Nc6 6. Qf3 e6 7. Nge2 Bd6 8. d4 O-O 9. Nb5 e5 10. Nxd6 Qxd6 11. dxe5 Nxe5 12. Qg3 Re8 13. Bf4 Qb4+ 14. Bd2 Qe4 15. O-O-O Qxe2 16. Rde1 Qb5 17. Bc3 Ng6 18. h4 Bd7 19. Rxe8+ Rxe8 20. h5 Ne5 21. Re1 Ng4 22. Rxe8+ Bxe8 23. Qxg4 Qf1+ 24. Kd2 Qxf2+ 1/2-1/2

[Event "17th Memorial Lezcano Montalvo 2025"]
[Site "Gran Canaria"]
[Date "2025.04.19"]
[Round "8.38"]
[White "Cruz Pino, Adrian"]
[Black "Guerra Aleman, Marcial"]
[Result "*"]
[Annotator "NA"]
[ECO "C50"]
[WhiteElo "2099"]
[BlackElo "1766"]
[PlyCount "31"]
[EventDate "2025.04.13"]
[EventType "swiss"]
[EventCountry "ESP"]
[SourceTitle "playchess.com"]
[Source "ChessBase"]
[SourceQuality "1"]
[TimeControl "5400+30"]

1. e4 e5 2. Nf3 Nc6 3. Bc4 Bc5 4. a4 Nf6 5. d3 d6 6. O-O O-O 7. h3 h6 8. Nbd2 a6 9. Re1 Re8 10. Nf1 Be6 11. Bxe6 fxe6 12. Be3 Bxe3 13. Nxe3 Qd7 14. c3 d5 15. Qc2 Rad8 16. Rad1 *

[Event "17th Memorial Lezcano Montalvo 2025"]
[Site "Gran Canaria"]
[Date "2025.04.19"]
[Round "8.38"]
[White "de Leon Navarro, Claudio"]
[Black "Oramas Medina, Miguel"]
[Result "1-0"]
[Annotator "RC"]
[ECO "C50"]
[WhiteElo "1918"]
[BlackElo "1796"]
[PlyCount "137"]
[EventDate "2025.04.13"]
[EventType "swiss"]
[EventCountry "ESP"]
[SourceTitle "playchess.com"]
[Source "ChessBase"]
[SourceQuality "1"]
[TimeControl "5400+30"]

1. e4 e5 2. Nf3 Nc6 3. Bc4 Bc5 4. a4 Nf6 5. d3 d6 6. O-O O-O 7. h3 h6 8. Nbd2 a6 9. Re1 Re8 10. Nf1 Be6 11. Bxe6 fxe6 12. Be3 Bxe3 13. Nxe3 Qd7 14. c3 d5 15. Qc2 Rad8 16. Rad1 Qf7 17. b4 b5 18. Ra1 Ra8 19. Nf1 Nd7 20. Qb3 d4 21. axb5 axb5 22. c4 Rxa1 23. Rxa1 Qe7 24. c5 Qf8 25. Ra6 Ndb8 26. Ra8 Nd7 27. Ra6 Ndb8 28. Ra1 Nd7 29. N1h2 Kf7 30. Qa3 Rb8 31. Ng4 h5 32. Ngh2 Qe7 33. h4 g6 34. Qb3 Rd8 35. Ng5+ Kf6 36. Rf1 Re8 37. g4 Kg7 38. gxh5 gxh5 39. Kh1 Kh6 40. Rg1 Nf8 41. Ngf3 Ng6 42. Qb1 Nf4 43. Ng5 Rg8 44. Nhf3 Qf6 45. Qb3 Nd8 46. Qd1 Nf7 47. Rg3 Nh8 48. Qd2 Nhg6 49. Nh3 Kh7 50. Nxf4 Nxf4 51. Rxg8 Kxg8 52. Ng5 Ng6 53. Qa2 Nxh4 54. Qxe6+ Qxe6 55. Nxe6 c6 56. Nd8 Nf3 57. Nxc6 Kf8 58. Na7 Ke7 59. Nxb5 Ne1 60. f4 Nxd3 61. fxe5 Nf2+ 62. Kg2 Nxe4 63. Nxd4 Ng5 64. c6 Kd8 65. b5 Kc7 66. Kg3 Nh7 67. Kh4 Nf8 68. Kxh5 Kb6 69. e6 1-0

[Event "17th Memorial Lezcano Montalvo 2025"]
[Site "Gran Canaria"]
[Date "2025.04.19"]
[Round "8.39"]
[White "Hernandez Guerra, Luna Yue"]
[Black "Cappelle, Cedric"]
[Result "1-0"]
[Annotator "NA RC"]
[ECO "B13"]
[WhiteElo "1897"]
[BlackElo "1774"]
[PlyCount "87"]
[EventDate "2025.04.13"]
[EventType "swiss"]
[EventCountry "ESP"]
[SourceTitle "playchess.com"]
[Source "ChessBase"]
[SourceQuality "1"]
[TimeControl "5400+30"]

1. e4 c6 2. d4 d5 3. exd5 cxd5 4. Bd3 Nc6 5. c3 Nf6 6. h3 e5 7. dxe5 Nxe5 8. Nf3 Nxd3+ 9. Qxd3 Bd6 10. O-O O-O 11. Bg5 h6 12. Bh4 a5 13. Nbd2 a4 14. a3 Ra6 15. Rad1 Re8 16. Rfe1 Rxe1+ 17. Rxe1 g5 18. Bg3 Bxg3 19. fxg3 Qb6+ 20. Kh2 g4 21. Ne5 gxh3 22. Re2 hxg2 23. Kxg2 Qe6 24. Ndf3 Qh3+ 25. Kg1 Qf5 26. Nd4 Qxd3 27. Nxd3 Kf8 28. Kg2 Bd7 29. Re5 Rb6 30. Kf1 Ng4 31. Re2 Rf6+ 32. Ke1 b6 33. Kd2 Be6 34. Nf4 Bd7 35. Nxd5 Rd6 36. Nf4 Kg7 37. Kc2 Kf6 38. Re1 Bf5+ 39. Kc1 Nf2 40. Rf1 Ne4 41. Nh5+ Kg6 42. Nxf5 Rd2 43. g4 Rg2 44. Nf4+ 1-0

[Event "17th Memorial Lezcano Montalvo 2025"]
[Site "Gran Canaria"]
[Date "2025.04.19"]
[Round "8.39"]
[White "Julien Casteleiro, Ariel"]
[Black "Cruz Ramirez, Nauzet"]
[Result "*"]
[Annotator "NA"]
[ECO "B13"]
[WhiteElo "1761"]
[BlackElo "2076"]
[PlyCount "30"]
[EventDate "2025.04.13"]
[EventType "swiss"]
[EventCountry "ESP"]
[SourceTitle "playchess.com"]
[Source "ChessBase"]
[SourceQuality "1"]
[TimeControl "5400+30"]

1. e4 c6 2. d4 d5 3. exd5 cxd5 4. Bd3 Nc6 5. c3 Nf6 6. h3 e5 7. dxe5 Nxe5 8. Nf3 Nxd3+ 9. Qxd3 Bd6 10. O-O O-O 11. Bg5 h6 12. Bh4 a5 13. Nbd2 a4 14. a3 Ra6 15. Rad1 Re8 *

[Event "17th Memorial Lezcano Montalvo 2025"]
[Site "Gran Canaria"]
[Date "2025.04.19"]
[Round "8.40"]
[White "Lascar, Radoslawa"]
[Black "Creo Abeijon, Diego"]
[Result "1-0"]
[Annotator "NA RC"]
[ECO "B01"]
[WhiteElo "1897"]
[BlackElo "1729"]
[PlyCount "47"]
[EventDate "2025.04.13"]
[EventType "swiss"]
[EventCountry "ESP"]
[SourceTitle "playchess.com"]
[Source "ChessBase"]
[SourceQuality "1"]
[TimeControl "5400+30"]

1. e4 d5 2. exd5 Nf6 3. Nf3 Bg4 4. d4 Qxd5 5. Be2 Nc6 6. O-O O-O-O 7. c4 Qf5 8. Be3 e5 9. d5 Bxf3 10. Bxf3 e4 11. Be2 Bd6 12. dxc6 Bxh2+ 13. Kxh2 Rxd1 14. cxb7+ Kb8 15. Rxd1 h5 16. Kg1 g5 17. Nc3 h4 18. Nd5 h3 19. Nxf6 Qxf6 20. Bd4 h2+ 21. Kh1 Qf4 22. Bxh8 Qxf2 23. c5 Qxe2 24. c6 1-0

[Event "17th Memorial Lezcano Montalvo 2025"]
[Site "Gran Canaria"]
[Date "2025.04.19"]
[Round "8.40"]
[White "Cappelle, Cedric"]
[Black "Schmitz, Andreas Arnold"]
[Result "*"]
[Annotator "NA"]
[ECO "B01"]
[WhiteElo "1774"]
[BlackElo "1967"]
[PlyCount "20"]
[EventDate "2025.04.13"]
[EventType "swiss"]
[EventCountry "ESP"]
[SourceTitle "playchess.com"]
[Source "ChessBase"]
[SourceQuality "1"]
[TimeControl "5400+30"]

1. e4 d5 2. exd5 Nf6 3. Nf3 Bg4 4. d4 Qd7 5. d6 Qxd6 6. Be2 Qd5 7. O-O Nc6 8. c4 O-O-O 9. Be3 Qf5 10. d5 e5 *

[Event "17th Memorial Lezcano Montalvo 2025"]
[Site "Gran Canaria"]
[Date "2025.04.19"]
[Round "8.41"]
[White "Matos Espino, Carlos Silverio"]
[Black "Rivero Tacoronte, Gabriel"]
[Result "*"]
[Annotator "NA"]
[ECO "D36"]
[WhiteElo "1731"]
[BlackElo "1963"]
[PlyCount "37"]
[EventDate "2025.04.13"]
[EventType "swiss"]
[EventCountry "ESP"]
[SourceTitle "playchess.com"]
[Source "ChessBase"]
[SourceQuality "1"]
[TimeControl "5400+30"]

1. d4 Nf6 2. c4 e6 3. Nc3 d5 4. cxd5 exd5 5. Bg5 c6 6. Qc2 g6 7. e3 Bf5 8. Bd3 Bxd3 9. Qxd3 Nbd7 10. Nf3 Be7 11. h3 O-O 12. O-O Kg7 13. Bf4 Re8 14. Rab1 a5 15. b3 h6 16. Ne5 Nxe5 17. Bxe5 Bd6 18. Bxd6 Qxd6 19. Rfc1 *

[Event "17th Memorial Lezcano Montalvo 2025"]
[Site "Gran Canaria"]
[Date "2025.04.19"]
[Round "8.41"]
[White "Macias Reyes, Jose Luis"]
[Black "Posso Cangrejo, Sergio David"]
[Result "0-1"]
[Annotator "NA RC"]
[ECO "D36"]
[WhiteElo "1674"]
[BlackElo "1878"]
[PlyCount "56"]
[EventDate "2025.04.13"]
[EventType "swiss"]
[EventCountry "ESP"]
[SourceTitle "playchess.com"]
[Source "ChessBase"]
[SourceQuality "1"]
[TimeControl "5400+30"]

1. d4 Nf6 2. c4 e6 3. Nc3 d5 4. cxd5 exd5 5. Bg5 c6 6. Qc2 g6 7. e3 Bf5 8. Bd3 Bxd3 9. Qxd3 Nbd7 10. Nf3 Be7 11. h3 O-O 12. O-O Kg7 13. Bf4 Re8 14. Rab1 a5 15. b3 h6 16. Ne5 Nxe5 17. Bxe5 Bd6 18. Bxd6 Qxd6 19. Rfc1 Re7 20. Na4 Ne4 21. Nc5 Rae8 22. Nxe4 Rxe4 23. Rc5 f5 24. Re1 f4 25. Rc2 Qf6 26. Qc3 Qf5 27. Qxa5 f3 28. Qc7+ R4e7 0-1

[Event "17th Memorial Lezcano Montalvo 2025"]
[Site "Gran Canaria"]
[Date "2025.04.19"]
[Round "8.42"]
[White "Creo Abeijon, Diego"]
[Black "de Leon Navarro, Claudio"]
[Result "*"]
[Annotator "NA"]
[ECO "E12"]
[WhiteElo "1729"]
[BlackElo "1918"]
[PlyCount "24"]
[EventDate "2025.04.13"]
[EventType "swiss"]
[EventCountry "ESP"]
[SourceTitle "playchess.com"]
[Source "ChessBase"]
[SourceQuality "1"]
[TimeControl "5400+30"]

1. d4 Nf6 2. c4 e6 3. Nc3 Bb4 4. Nf3 b6 5. Bg5 h6 6. Bxf6 Qxf6 7. e3 Bb7 8. Bd3 c5 9. O-O Bxc3 10. bxc3 Nc6 11. Re1 d6 12. Bc2 O-O *

[Event "17th Memorial Lezcano Montalvo 2025"]
[Site "Gran Canaria"]
[Date "2025.04.19"]
[Round "8.43"]
[White "Bangiev, Katharina"]
[Black "Arlet, Benjamin Andres"]
[Result "0-1"]
[Annotator "NA RC"]
[ECO "B45"]
[WhiteElo "1848"]
[BlackElo "1721"]
[PlyCount "78"]
[EventDate "2025.04.13"]
[EventType "swiss"]
[EventCountry "ESP"]
[SourceTitle "playchess.com"]
[Source "ChessBase"]
[SourceQuality "1"]
[TimeControl "5400+30"]

1. e4 c5 2. Nf3 Nc6 3. d4 cxd4 4. Nxd4 Nf6 5. Nc3 e6 6. g3 Bb4 7. Bg2 d5 8. O-O Bxc3 9. bxc3 Nxe4 10. Nxc6 bxc6 11. Bxe4 dxe4 12. Qg4 O-O 13. Qxe4 Qd5 14. Qd3 a5 15. c4 Qh5 16. Ba3 c5 17. Rab1 Ba6 18. Rfd1 h6 19. Rb6 Bxc4 20. Qd2 Bd5 21. Qd3 c4 22. Qf1 Rfd8 23. f4 Qf5 24. Qe2 c3 25. Rb5 Qh3 26. Rc5 Rac8 27. Rxa5 Bc4 28. Qh5 Qxh5 29. Rxd8+ Rxd8 30. Rxh5 f5 31. Bb4 Be2 32. Rh4 Rc8 33. Rh3 Bg4 34. Rh4 Bd1 35. Kf2 Bxc2 36. Ke2 Be4 37. Kd1 Rd8+ 38. Kc1 c2 39. Bd2 Rb8 0-1

[Event "17th Memorial Lezcano Montalvo 2025"]
[Site "Gran Canaria"]
[Date "2025.04.19"]
[Round "8.43"]
[White "Arlet, Benjamin Andres"]
[Black "Lascar, Radoslawa"]
[Result "*"]
[Annotator "NA"]
[ECO "B45"]
[WhiteElo "1721"]
[BlackElo "1897"]
[PlyCount "26"]
[EventDate "2025.04.13"]
[EventType "swiss"]
[EventCountry "ESP"]
[SourceTitle "playchess.com"]
[Source "ChessBase"]
[SourceQuality "1"]
[TimeControl "5400+30"]

1. e4 c5 2. Nf3 Nc6 3. d4 cxd4 4. Nxd4 Nf6 5. Nc3 e6 6. g3 Bb4 7. Bg2 d5 8. O-O Bxc3 9. bxc3 Nxe4 10. Nxc6 bxc6 11. Bxe4 dxe4 12. Qg4 O-O 13. Qxe4 Qd5 *

[Event "17th Memorial Lezcano Montalvo 2025"]
[Site "Gran Canaria"]
[Date "2025.04.19"]
[Round "8.44"]
[White "Garcia Rodriguez, Adriana"]
[Black "Garcia Almeida, Valeria"]
[Result "*"]
[Annotator "NA"]
[ECO "E01"]
[WhiteElo "1893"]
[BlackElo "1582"]
[PlyCount "25"]
[EventDate "2025.04.13"]
[EventType "swiss"]
[EventCountry "ESP"]
[SourceTitle "playchess.com"]
[Source "ChessBase"]
[SourceQuality "1"]
[TimeControl "5400+30"]

1. c4 e6 2. Nc3 d5 3. d4 Nf6 4. g3 Be7 5. Bg2 O-O 6. c5 c6 7. Nf3 Nbd7 8. O-O e5 9. Nxe5 Nxe5 10. dxe5 Ng4 11. b4 Nxe5 12. Bb2 Nc4 13. Rb1 *

[Event "17th Memorial Lezcano Montalvo 2025"]
[Site "Gran Canaria"]
[Date "2025.04.19"]
[Round "8.45"]
[White "Vargas Tinoco, Martin Alonso"]
[Black "Fernandez De La Hoz A., Carlos"]
[Result "1/2-1/2"]
[Annotator "NA RC"]
[ECO "B07"]
[WhiteElo "1811"]
[BlackElo "1687"]
[PlyCount "122"]
[EventDate "2025.04.13"]
[EventType "swiss"]
[EventCountry "ESP"]
[SourceTitle "playchess.com"]
[Source "ChessBase"]
[SourceQuality "1"]
[TimeControl "5400+30"]

1. d4 Nf6 2. Bf4 d6 3. Nc3 c6 4. e4 e6 5. Nf3 Be7 6. Qd2 O-O 7. Bd3 b5 8. a3 Ne8 9. O-O a6 10. Rad1 d5 11. Ne2 dxe4 12. Bxe4 Nf6 13. Bd3 Bb7 14. Rfe1 Nbd7 15. Ng3 c5 16. c3 Bxf3 17. gxf3 c4 18. Bb1 Nd5 19. Qc2 f5 20. Be5 Rf7 21. Qe2 Nf8 22. Nh5 g6 23. Nf4 Nxf4 24. Bxf4 Bg5 25. Qe3 Bxf4 26. Qxf4 g5 27. Qe5 Qf6 28. d5 exd5 29. Qxf6 Rxf6 30. Rxd5 Kf7 31. Rxf5 Rxf5 32. Bxf5 Kf6 33. Be4 Rd8 34. Re2 h6 35. Kf1 Ne6 36. Ke1 Nf4 37. Rd2 Ke7 38. Rxd8 Kxd8 39. Bb7 Nd3+ 40. Kd2 Nc5 41. Be4 Ke7 42. Ke3 Kf6 43. f4 Na4 44. fxg5+ hxg5 45. Bb7 Nc5 46. Bc8 Ke5 47. h3 a5 48. Kf3 Na4 49. Ba6 Nxb2 50. Bxb5 Kd5 51. Kg4 Nd1 52. Kxg5 Nxc3 53. Bxc4+ Kxc4 54. f4 Kb3 55. f5 Kxa3 56. h4 Ne4+ 57. Kg6 Kb3 58. h5 a4 59. h6 Nf6 60. h7 Nxh7 61. Kxh7 a3 1/2-1/2

[Event "17th Memorial Lezcano Montalvo 2025"]
[Site "Gran Canaria"]
[Date "2025.04.19"]
[Round "8.46"]
[White "Castro Miguelez, Jose"]
[Black "Rodriguez Trujillo, Cristian"]
[Result "*"]
[Annotator "NA"]
[ECO "B13"]
[WhiteElo "1846"]
[BlackElo "1562"]
[PlyCount "35"]
[EventDate "2025.04.13"]
[EventType "swiss"]
[EventCountry "ESP"]
[SourceTitle "playchess.com"]
[Source "ChessBase"]
[SourceQuality "1"]
[TimeControl "5400+30"]

1. d4 d5 2. Bf4 c5 3. e3 cxd4 4. exd4 Nc6 5. c3 Bf5 6. Nd2 Nf6 7. Ngf3 e6 8. Bb5 Qb6 9. Qa4 a6 10. Bxc6+ bxc6 11. b4 Be7 12. Ne5 Rc8 13. O-O O-O 14. Bg5 Qb7 15. Qd1 Ne4 16. Nxe4 Bxe4 17. Bxe7 Qxe7 18. Re1 *

[Event "17th Memorial Lezcano Montalvo 2025"]
[Site "Gran Canaria"]
[Date "2025.04.19"]
[Round "8.47"]
[White "Pinilla Sanchez, Josep A."]
[Black "Murashkin, Roman G"]
[Result "*"]
[Annotator "NA"]
[ECO "D00"]
[WhiteElo "1827"]
[BlackElo "2129"]
[PlyCount "30"]
[EventDate "2025.04.13"]
[EventType "swiss"]
[EventCountry "ESP"]
[SourceTitle "playchess.com"]
[Source "ChessBase"]
[SourceQuality "1"]
[TimeControl "5400+30"]

1. d4 d5 2. Bf4 Nf6 3. e3 e6 4. Nd2 Bd6 5. Bg3 Bxg3 6. hxg3 a6 7. Ngf3 Nbd7 8. Bd3 h6 9. Ne5 Qe7 10. g4 Nxe5 11. dxe5 Nd7 12. f4 Qb4 13. Qc1 Nc5 14. Be2 Bd7 15. a3 Qb6 *